 Dungeon Crawl Stone Soup version 0.30-a0-972-gf3ab3527aa (webtiles) character file.

Game seed: 11671843335070443878

305087 sanka the Crack Shot (level 19, -18/183 HPs)
             Began as a Demigod Hunter on Mar 31, 2023.
             Killed from afar by a frost giant (45 damage)
             ... with a bolt of cold
             ... while paralysed by a floating eye
             ... on level 1 of the Depths on Apr 1, 2023.
             The game lasted 01:30:35 (41671 turns).

sanka the Crack Shot (Demigod Hunter)              Turns: 41671, Time: 01:30:35

Health: -18/183    AC: 15    Str: 12    XL:     19   Next: 49%
Magic:  22/22      EV:  2    Int:  8    God:
Gold:   1992       SH:  0    Dex: 56    Spells: 18/18 levels left

rFire   . . .      SeeInvis .    b - +6 triple crossbow (heavy)
rCold   . . .      Faith    .    (shield currently unavailable)
rNeg    . . .      Spirit   .    V - +2 robe of Inviolability {rPois Dex+3}
rPois   +          Reflect  .    S - +2 hat
rElec   .          Rampage  .    N - +2 cloak
rCorr   .          Rage     50%  W - +2 pair of gloves
Will    +++..                    t - +2 pair of boots
Stlth   ++++                     k - necklace of Bloodlust {Fury *Rage Will++ Int-3 Slay+6}
HPRegen 0.50/turn                s - +6 ring of dexterity
MPRegen 0.18/turn                p - +6 ring of dexterity

@: paralysed
A: high MP 1, forlorn, divine attributes
}: 2/15 runes: serpentine, barnacled
a: no special abilities


You were on level 1 of the Depths.
You visited 7 branches of the dungeon, and saw 35 of its levels.
You also visited: Gauntlet.

You collected 3913 gold pieces.
You spent 1921 gold pieces at shops.


Innate Abilities, Weirdness & Mutations

You have an increased reservoir of magic. (+10% MP)
You shall have no god before yourself.
Your divine heritage dramatically boosts your attributes as you level up.


   Skills:
 - Level 19.5 Fighting
 * Level 21.9 Ranged Weapons
 - Level 18.8 Dodging
 - Level 0.8 Stealth


You had 18 spell levels left.
You didn't know any spells.
Your spell library contained the following spells:

 Spells                   Type           Power      Damage    Failure   Level
 Apportation              Tloc           0%         N/A       41%         1
 Beastly Appendage        Tmut           0%         N/A       41%         1
 Freeze                   Ice            0%         1d3       41%         1
 Sandblast                Erth           0%         2d4       41%         1
 Shock                    Conj/Air       0%         1d3       41%         1
 Summon Small Mammal      Summ           0%         N/A       41%         1
 Blink                    Tloc           0%         N/A       54%         2
 Cigotuvi's Dreadful Rot  Necr/Pois/Air  0%         N/A       54%         2
 Ensorcelled Hibernation  Hex/Ice        0%         N/A       54%         2
 Lesser Beckoning         Tloc           0%         N/A       54%         2
 Momentum Strike          Conj/Tloc      0%         3d8       54%         2
 Passwall                 Tmut/Erth      0%         N/A       54%         2
 Poisonous Vapours        Pois/Air       0%         N/A       54%         2
 Wereblood                Tmut           0%         N/A       54%         2
 Call Canine Familiar     Summ           0%         N/A       78%         3
 Frozen Ramparts          Ice            0%         1d1       78%         3
 Gell's Gravitas          Tloc           0%         N/A       78%         3
 Hailstorm                Conj/Ice       0%         3d3       78%         3
 Kindle Blastsparks       Fire/Tloc/Air  0%         2d10      78%         3
 Mephitic Cloud           Conj/Pois/Air  0%         N/A       78%         3
 Spider Form              Tmut/Pois      0%         N/A       78%         3
 Stone Arrow              Conj/Erth      0%         3d7       78%         3
 Summon Guardian Golem    Hex/Summ       0%         N/A       78%         3
 Swiftness                Air            0%         N/A       78%         3
 Teleport Other           Tloc           0%         N/A       78%         3
 Tukima's Dance           Hex            0%         N/A       78%         3
 Vhi's Electric Charge    Tloc/Air       0%         N/A       78%         3
 Airstrike                Air            0%         2d(0-16)  99%         4
 Anguish                  Hex/Necr       0%         N/A       99%         4
 Animate Dead             Necr           0%         N/A       99%         4
 Flame Wave               Conj/Fire      0%         2d4       99%         4
 Fulminant Prism          Conj/Hex       0%         3d5       99%         4
 Ice Form                 Ice/Tmut       0%         N/A       99%         4
 Iskenderun's Mystic Bla  Conj/Tloc      0%         2d3       99%         4
 Passage of Golubria      Tloc           0%         N/A       99%         4
 Petrify                  Tmut/Erth      0%         N/A       99%         4
 Summon Ice Beast         Ice/Summ       0%         N/A       99%         4
 Alistair's Intoxication  Tmut/Pois      0%         N/A       100%        5
 Arcjolt                  Conj/Air       0%         1d10      100%        5
 Blade Hands              Tmut           0%         N/A       100%        5
 Borgnjor's Vile Clutch   Necr/Erth      0%         N/A       100%        5
 Fireball                 Conj/Fire      0%         3d3       100%        5
 Freezing Cloud           Conj/Ice/Air   0%         6-21      100%        5
 Irradiate                Conj/Tmut      0%         3d11      100%        5
 Lee's Rapid Deconstruct  Erth           0%         3d4*      100%        5
 Metabolic Englaciation   Hex/Ice        0%         N/A       100%        5
 Summon Forest            Summ/Tloc      0%         N/A       100%        5
 Yara's Violent Unravell  Hex/Tmut       0%         3d3       100%        5
 Iron Shot                Conj/Erth      0%         9d1       100%        6
 Simulacrum               Ice/Necr       0%         N/A       100%        6
 Statue Form              Tmut/Erth      0%         N/A       100%        6
 Dragon Form              Tmut           0%         N/A       100%        7
 Haunt                    Necr/Summ      0%         N/A       100%        7
 Malign Gateway           Summ/Tloc      0%         N/A       100%        7
 Infestation              Necr           0%         N/A       100%        8
 Maxwell's Capacitive Co  Air            0%         ∞         100%        8
 Summon Horrible Things   Summ           0%         N/A       100%        8
 Polar Vortex             Ice            0%         N/A       100%        9

Inventory:

Hand Weapons
 a - the +6 arbalest "Damnation" {damnation}
 b - a +6 heavy triple crossbow (weapon)
 w - a +2 longbow of flaming
 K - a +1 spear of distortion
Missiles
 j - 4 curare-tipped darts {=f}
 Z - a throwing net {=f}
Armour
 t - a +2 pair of boots (worn)
 N - a +2 cloak (worn)
 S - a +2 hat (worn)
 V - the +2 robe of Inviolability (worn) {rPois Dex+3}

   Dex:       It affects your dexterity (+3).
   rPois:     It protects you from poison.
 W - a +2 pair of gloves (worn)
Jewellery
 d - a ring of flight
 k - the necklace of Bloodlust (around neck) {Fury *Rage Will++ Int-3 Slay+6}

   [amulet of nothing]

   Fury:      It extends the wearer's berserk rage when killing foes.
   Int:       It affects your intelligence (-3).
   Slay:      It affects your accuracy & damage with ranged weapons and melee
   (+6).
   *Rage:     It berserks you when you make melee attacks (+50% chance).
   Will:      It greatly increases your willpower.
 p - a +6 ring of dexterity (right hand)
 r - a ring of fire
 s - a +6 ring of dexterity (left hand)
 G - a ring of resist corrosion
 R - a ring of ice
 T - a ring of fire
Wands
 c - a wand of iceblast (39)
 h - a wand of quicksilver (17)
 z - a wand of mindburst (27)
 H - a wand of digging (7)
Scrolls
 e - 6 scrolls of enchant armour
 g - 3 scrolls of vulnerability {!r}
 m - 18 scrolls of teleportation {@r4}
 x - 5 scrolls of blinking
 B - 5 scrolls of magic mapping
 C - 6 scrolls of identify {@r1}
 F - 5 scrolls of fog
 I - 2 scrolls of summoning
 J - 3 scrolls of brand weapon
 L - 6 scrolls of noise {!r}
 O - 5 scrolls of fear
 P - 5 scrolls of immolation {!r}
 U - a scroll of poison
 X - a scroll of enchant weapon
Potions
 f - 11 potions of flight
 i - 17 potions of curing {@q1}
 l - 3 potions of resistance
 n - 9 potions of ambrosia
 o - 4 potions of berserk rage {!q}
 q - 14 potions of might
 u - 5 potions of haste {@q3}
 v - 13 potions of heal wounds {@q2}
 A - 3 potions of attraction {!q}
 E - 3 potions of magic
 M - 3 potions of cancellation
 Q - 7 potions of invisibility
 Y - 5 potions of mutation {!q}
Miscellaneous
 D - a box of beasts

Dungeon Overview and Level Annotations

Branches:
Dungeon (15/15)            Temple (0/1) D:7            Lair (5/5) D:11
 Shoals (4/4) Lair:2        Snake (4/4) Lair:2        Slime (0/5) Lair:4
    Orc (2/2) D:9             Elf (0/3) Orc:2        Vaults (4/5) D:14
  Crypt (0/3) Vaults:2     Depths (1/4) D:15        Gauntlet (visited)

Shops:
D:9 ?   D:10 (   D:14 [   Orc:2 [*[=   Shoals:3 *   Snake:1 :==   Snake:4 (*=
Vaults:1 [

Annotations:
Lair:3 1 runed translucent door, sastreii's ghost, journeyman SpHu

...≈~. ...~~. ▒
.D~~~.▒▒.
.........
........▒▒▒
....C.....▒▒.▒.
......uG.......
.(....upu.u▒
........u...Ru.
...........▒.▒u
...▒.........
.. ▒....▒..▒.▒
. ....▒▒..C ..
..... ..▒. .
...... .....


You could see 2 frost giants, 4 very ugly things, a fire dragon (wandering), 3
ugly things, a rakshasa and a floating eye (charged).


Message History

A red ugly thing comes into view.
The cyan very ugly thing completely misses you.
The white very ugly thing moves out of view.
The floating eye gazes piercingly through you!
You suddenly lose the ability to move!
You stop ascending the stairs.
The white very ugly thing kicks you!
The white very ugly thing freezes you!!!
The cyan very ugly thing bites you. The cyan very ugly thing shocks you!!
The floating eye's view fixates on you.
The frost giant gestures at you while chanting.
The bolt of cold hits the white very ugly thing!
The white very ugly thing resists.
The bolt of cold hits you!
* * * LOW HITPOINT WARNING * * *
A red ugly thing comes into view.
The white very ugly thing kicks you!
* * * LOW HITPOINT WARNING * * *
The white very ugly thing freezes you!!!
* * * LOW HITPOINT WARNING * * *
The cyan very ugly thing basks in the mutagenic energy from its kin and changes!
The red ugly thing gurgles horribly!
You hear a horrible gurgling sound!
You hear a horrible gurgling sound!
The frost giant points at you and mumbles some strange words.
The bolt of cold hits the white very ugly thing.
The white very ugly thing resists.
The bolt of cold hits you!!!
You die...

Action                     |  1- 3 |  4- 6 |  7- 9 | 10-12 | 13-15 | 16-18 | 19-21 || total
---------------------------+-------+-------+-------+-------+-------+-------+-------++-------
  Melee: Arbalest          |       |       |       |     6 |       |       |       ||     6
   Fire: Shortbow          |    63 |   126 |   134 |       |       |       |       ||   323
         Arbalest          |       |       |   144 |   599 |   508 |    65 |       ||  1316
         Longbow           |       |       |       |       |   662 |  1048 |       ||  1710
         Triple crossbow   |       |       |       |       |       |   250 |   149 ||   399
  Evoke: Wand              |       |       |       |       |       |     1 |       ||     1
    Use: Scroll            |       |       |     9 |     5 |     6 |    14 |     1 ||    35
         Potion            |       |       |       |     1 |     1 |     1 |       ||     3
 Armour: Leather armour    |     3 |       |       |       |       |       |       ||     3
         Robe              |       |    43 |    23 |   113 |   101 |    70 |     7 ||   357
  Dodge: Dodged            |    10 |    55 |    99 |   441 |   567 |  1035 |   153 ||  2360
  Block: Other             |       |       |       |    66 |       |       |       ||    66
         Reflection        |       |       |       |     3 |       |       |       ||     3

Levels and vault maps discovered:
D:1:      dpeg_arrival_pits, layout_basic
D:2:      layout_loops_corners, basic_altar, uniq_natasha,
          uniq_crazy_yiuf_cottage
D:3:      layout_rooms, mainiacjoe_overflow_chevrons
D:4:      layout_basic
D:5:      layout_basic, kennysheep_little_box, mainiacjoe_overflow_24_doors,
          xom_redecorated, nicolae_ashenzari_skybound,
          kennysheep_generic_room_12, uniq_eustachio, uniq_ijyb, uniq_menkaure,
          uniq_sigmund, uniq_edmund
D:6:      layout_loops_ring, lemuel_tele_altar,
          mainiacjoe_overflow_catwalk_spiral, hangedman_decor_diamond_cutter
D:7:      layout_cave_pools, mainiacjoe_overflow_concentric_impassable,
          minmay_temple_entry_proselytizer, serial_glass, glass_columns_a,
          glass_columns_a, glass_columns_a, glass_columns_c, glass_columns_b,
          glass_columns_c
D:8:      layout_basic, item_on_display_a, uniq_pikel
D:9:      layout_basic, zombieorc2_lemuel, serial_shops, nicolae_shop_stone,
          minivault_16, kennysheep_cross_bottleneck
D:10:     layout_rooms, ebering_ghost_xom, serial_shops, nicolae_shop_stone,
          uniq_erica
D:11:     layout_loops_ring, david_lair_shrubbed, nicolae_wwwww
D:12:     layout_roguey, uniq_erolcha, uniq_nessos
D:13:     layout_layer_cave
D:14:     layout_cave_pools, erik_vaults_1, serial_shops, shop, fedhas_altar_2,
          minmay_misc_feat_pillars, uniq_louise
D:15:     grunt_enter_depths_giant_problem, layout_cave_pools,
          chequers_serial_rivers_large_a
Lair:1:   layout_gridlike, lemuel_centaur_altar
Lair:2:   layout_gridlike, elwin_shoals_entry_rooms,
          guppyfry_snake_entry_island, special_room [special_room_bee],
          uniq_fannar, uniq_gastronok, uniq_nergalle
Lair:3:   layout_gridlike, ebering_ghost_reflecting_pool
Lair:4:   layout_cave_pods, minmay_slime_entry_oklob_open,
          gauntlet_entry_generic, lemuel_fruit_fields
Lair:5:   evilmike_catoblepas_cave, layout_long_grid, grunt_megastairs_3,
          serial_bayou_shore_a
Shoals:1: layout_shoals, nicolae_shoals_square_sea_wall, hangedman_shoal_volcano
Shoals:2: nicolae_shoals_aurelia_aurita, layout_shoals, abandoned_shop,
          uniq_polyphemus
Shoals:3: layout_shoals, serial_shops, nicolae_shop_hallway_stairs, uniq_mara
Shoals:4: shoals_end_hangedman, layout_shoals, shoals_ilsuiw_ice
Snake:1:  layout_cave_pods, minmay_shop_grove, uniq_rupert
Snake:2:  layout_rooms, gammafunk_ghost_necromancy, drop_trap, uniq_aizul,
          uniq_roxanne
Snake:3:  layout_grid_maze, uniq_donald, uniq_bai_suzhen
Snake:4:  minmay_snake_end_coiled, layout_onion, serial_shops, shop,
          minmay_shoptagon, uniq_vashnia
Orc:1:    layout_caves
Orc:2:    grunt_orc_tribal_feast, layout_caves
Vaults:1: nicolae_vaults_asterisk, dpeg_vaults_monster_row,
          hangedman_vaults_stitches, hangedman_vaults_cutoff,
          nicolae_vaults_diagonal_hallway_7, ontoclasm_vaults_ring_large,
          st_star, nicolae_vaults_diagonal_hallway_7,
          ontoclasm_vaults_decontamination, nicolae_vaults_yaktaur_gun_rack,
          layout_vaults_quadrants, serial_shops, shop
Vaults:2: nicolae_vaults_inception_scallops, v_alt_pattern_1, v_misc_33,
          nicolae_vaults_little_squares_4, nicolae_vaults_big_ls,
          minmay_crypt_entry_simple_statues, v_misc_29, v_misc_5,
          ontoclasm_vaults_pinch, v_misc_16, nicolae_vaults_little_squares_6,
          ontoclasm_vaults_fault, vaults_room_pools, v_alt_pattern_1,
          layout_vaults_big_cross
Vaults:3: vaults_mumra_minichess_inversion, ontoclasm_vaults_fire_temple,
          v_misc_5, v_rooms_4, hangedman_vaults_capsules,
          nicolae_vaults_network_quinsquares
          [nicolae_vaults_network_quincunx_subvault,
          nicolae_vaults_network_quincunx_subvault,
          nicolae_vaults_network_quincunx_subvault,
          nicolae_vaults_network_quincunx_subvault], ontoclasm_vaults_idyll,
          nicolae_vaults_theta, ontoclasm_vaults_gateway,
          nicolae_vaults_little_squares_3, nicolae_vaults_sealed_display,
          layout_vaults_ring
Vaults:4: v_alt_pattern_1, v_rooms_1, v_misc_9, nicolae_vaults_alarming,
          vaults_room_guarded_vault, dpeg_vaults_monster_box, vaults_room_boxed,
          hangedman_vaults_slither, nicolae_vaults_little_squares_6,
          ontoclasm_vaults_misaligned, nicolae_vaults_diagonal_hallway_8,
          serial_ice_m, vaults_dpeg_hooks, nicolae_vaults_little_squares_3,
          layout_vaults_maze
Depths:1: layout_cave_pools, hell_entry, abyss_entry, minmay_misc_feat_iff,
          wad_floor_pattern_untrapped, kennysheep_pointless_box,
          serial_bayou_ford_a, st_stairs_11, onia_ninara_cookie, uniq_asterion

Notes
Turn   | Place    | Note
-------+----------+-------------------------------------------
     0 | D:1      | sanka the Demigod Hunter began the quest for the Orb.
     0 | D:1      | Reached XP level 1. HP: 17/17 MP: 3/3
   282 | D:1      | Reached skill level 2 in Fighting
   306 | D:1      | Reached XP level 2. HP: 24/24 MP: 4/4
   324 | D:1      | Reached skill level 4 in Ranged Weapons
   864 | D:2      | Noticed Natasha
   867 | D:2      | Killed Natasha
   868 | D:2      | Reached XP level 3. HP: 27/30 MP: 5/5
  1152 | D:2      | Found a runed translucent door.
  1153 | D:2      | Noticed Crazy Yiuf
  1466 | D:2      | Noticed Natasha
  1468 | D:2      | Killed Natasha
  1469 | D:2      | Reached XP level 4. HP: 37/37 MP: 6/6
  1513 | D:2      | Noticed Natasha
  1526 | D:2      | Killed Natasha
  1527 | D:2      | Reached skill level 5 in Ranged Weapons
  1963 | D:3      | Reached skill level 3 in Fighting
  2556 | D:5      | Entered Level 5 of the Dungeon
  2587 | D:5      | Noticed an ogre
  2594 | D:5      | Killed an ogre
  2595 | D:5      | Reached XP level 5. HP: 45/45 MP: 7/7
  2728 | D:5      | Noticed Edmund
  3474 | D:5      | Noticed Sigmund
  3495 | D:5      | Noticed Eustachio
  3515 | D:5      | Killed Eustachio
  3516 | D:5      | Reached skill level 4 in Fighting
  3516 | D:5      | Reached skill level 6 in Ranged Weapons
  3516 | D:5      | Reached XP level 6. HP: 31/52 MP: 8/8
  3638 | D:5      | Identified the +1 falchion "Kaubbon" {drain, *Noise +Blink
                  | rN+++ Int-4 SInv}
  3783 | D:5      | Noticed Ijyb
  3791 | D:5      | HP: 3/52 [disintegration (18)]
  3792 | D:5      | Killed Ijyb
  4078 | D:5      | Noticed Menkaure
  4083 | D:5      | Killed Menkaure
  4084 | D:5      | Reached skill level 7 in Ranged Weapons
  4084 | D:5      | Reached XP level 7. HP: 18/60 MP: 9/9
  4545 | D:5      | Killed Sigmund
  4863 | D:5      | Killed Edmund
  4864 | D:5      | Reached skill level 5 in Fighting
  5279 | D:6      | Reached skill level 8 in Ranged Weapons
  5498 | D:6      | Reached XP level 8. HP: 60/69 MP: 10/10
  6009 | D:7      | Found a staircase to the Ecumenical Temple.
  6243 | D:7      | Reached skill level 9 in Ranged Weapons
  6333 | D:7      | Identified +0 fire dragon scales
  6348 | D:7      | Reached skill level 6 in Fighting
  7128 | D:8      | Noticed a hornet
  7137 | D:8      | Killed a hornet
  7306 | D:8      | Reached skill level 10 in Ranged Weapons
  7312 | D:8      | Reached skill level 2 in Dodging
  7329 | D:8      | Reached XP level 9. HP: 67/75 MP: 11/11
  7517 | D:8      | Noticed Pikel
  7521 | D:8      | Killed Pikel
  7522 | D:8      | Reached skill level 3 in Dodging
  8139 | D:9      | Reached skill level 11 in Ranged Weapons
  8154 | D:9      | Reached skill level 7 in Fighting
  8158 | D:9      | Reached skill level 4 in Dodging
  8309 | D:9      | Noticed an orange crystal statue
  8329 | D:9      | Noticed a two-headed ogre
  8334 | D:9      | Killed a two-headed ogre
  8335 | D:9      | Reached XP level 10. HP: 84/86 MP: 13/13
  8760 | D:9      | Reached skill level 5 in Dodging
  8769 | D:9      | Found a staircase to the Orcish Mines.
  8844 | D:9      | Reached skill level 12 in Ranged Weapons
  8881 | D:9      | Found Ezeduon's Magic Scroll Boutique.
  8885 | D:9      | Bought a scroll of fog for 44 gold pieces
  8885 | D:9      | Bought a scroll of amnesia for 44 gold pieces
  8885 | D:9      | Bought a scroll of blinking for 82 gold pieces
  8885 | D:9      | Bought a scroll of identify for 22 gold pieces
  8885 | D:9      | Bought a scroll of identify for 22 gold pieces
  9755 | D:10     | Entered Level 10 of the Dungeon
  9765 | D:10     | Noticed Erica
  9768 | D:10     | Killed Erica
  9769 | D:10     | Reached skill level 8 in Fighting
  9914 | D:10     | Noticed a two-headed ogre
  9919 | D:10     | Killed a two-headed ogre
 10099 | D:10     | Reached skill level 6 in Dodging
 10114 | D:10     | Found Cede's Antique Weapon Boutique.
 10324 | D:10     | Found a runed translucent door.
 10324 | D:10     | Noticed xight's ghost (novice DEFE)
 10324 | D:10     | Noticed a +0 rapier of chaos
 10683 | D:2      | Killed Crazy Yiuf
 11025 | D:11     | Noticed a two-headed ogre
 11028 | D:11     | Killed a two-headed ogre
 11034 | D:11     | Reached XP level 11. HP: 95/95 MP: 14/14
 11210 | D:11     | Noticed a boulder beetle
 11226 | D:11     | Killed a boulder beetle
 11227 | D:11     | Reached skill level 13 in Ranged Weapons
 11609 | D:11     | Found a staircase to the Lair.
 11691 | D:11     | Noticed a boulder beetle
 11710 | D:11     | Killed a boulder beetle
 11743 | D:11     | Reached skill level 9 in Fighting
 11898 | Lair:1   | Entered Level 1 of the Lair of Beasts
 11898 | Lair:1   | Noticed a catoblepas
 11912 | Lair:1   | Killed a catoblepas
 11913 | Lair:1   | Reached skill level 7 in Dodging
 12336 | Lair:1   | Reached skill level 14 in Ranged Weapons
 12911 | Lair:2   | Noticed Nergalle
 12915 | Lair:2   | Killed Nergalle
 12938 | Lair:2   | Found a staircase to the Snake Pit.
 12944 | Lair:2   | Noticed Fannar
 13138 | Lair:2   | Killed Fannar
 13270 | Lair:2   | Noticed Gastronok
 13278 | Lair:2   | Killed Gastronok
 13490 | Lair:2   | Reached XP level 12. HP: 94/106 MP: 15/15
 13500 | Lair:2   | Reached skill level 8 in Dodging
 13876 | Lair:2   | Reached skill level 10 in Fighting
 14268 | Lair:2   | Found a staircase to the Shoals.
 14760 | Lair:3   | Reached skill level 15 in Ranged Weapons
 14827 | Lair:3   | Found a runed translucent door.
 14828 | Lair:3   | Noticed sastreii's ghost (journeyman SpHu)
 15484 | Lair:4   | Reached skill level 9 in Dodging
 15548 | Lair:4   | Found a staircase to the Slime Pits.
 15567 | Lair:4   | Identified the +2 robe of Inviolability {rPois Dex+3}
 15619 | Lair:4   | Found a gate leading to a gauntlet.
 15638 | Gauntlet | Entered a Gauntlet
 15638 | Gauntlet | Found a transporter.
 15647 | Gauntlet | Found a transporter.
 15667 | Gauntlet | Found a transporter.
 15667 | Gauntlet | Found a transporter.
 15669 | Gauntlet | Found a large runed translucent door.
 15670 | Gauntlet | Found a large runed translucent door.
 15671 | Gauntlet | Found a large runed translucent door.
 15671 | Gauntlet | Found a large runed translucent door.
 15671 | Gauntlet | Found a runed translucent door.
 15672 | Gauntlet | Found a large runed translucent door.
 15673 | Gauntlet | Found a large runed translucent door.
 15674 | Gauntlet | Found a large runed translucent door.
 15674 | Gauntlet | Found a large runed translucent door.
 15675 | Gauntlet | Found a runed translucent gate.
 15685 | Gauntlet | Found a transporter.
 15685 | Gauntlet | Found a runed translucent gate.
 15686 | Gauntlet | Found a runed translucent gate.
 15687 | Gauntlet | Found a large runed translucent door.
 15687 | Gauntlet | Found a large runed translucent door.
 15688 | Gauntlet | Found a large runed translucent door.
 15689 | Gauntlet | Found a large runed translucent door.
 15698 | Gauntlet | Found a transporter.
 15711 | Gauntlet | Found a transporter.
 15731 | Gauntlet | Found a transporter.
 15735 | Gauntlet | Found a transporter.
 15740 | Gauntlet | Noticed a catoblepas
 15743 | Gauntlet | Found a transporter.
 15758 | Gauntlet | Found a runed translucent door.
 15768 | Gauntlet | Found a transporter.
 15768 | Gauntlet | Found a transporter.
 15797 | Gauntlet | Found a large runed translucent door.
 15798 | Gauntlet | Found a large runed translucent door.
 15799 | Gauntlet | Found a large runed translucent door.
 15799 | Gauntlet | Found a large runed translucent door.
 15799 | Gauntlet | Found a runed translucent door.
 16008 | Gauntlet | Killed a catoblepas
 16234 | Gauntlet | Identified the amulet of Cuuz {Acrobat Dex+3}
 16280 | Gauntlet | Noticed a minotaur
 16283 | Gauntlet | Killed a minotaur
 16651 | Lair:4   | Noticed a boulder beetle
 16658 | Lair:4   | Killed a boulder beetle
 16734 | Lair:4   | Reached skill level 11 in Fighting
 16741 | Lair:4   | Reached XP level 13. HP: 116/116 MP: 16/16
 17176 | Lair:4   | Reached skill level 16 in Ranged Weapons
 17296 | Lair:5   | Entered Level 5 of the Lair of Beasts
 17652 | Lair:5   | Reached skill level 10 in Dodging
 17785 | Lair:5   | Identified the staff of fire "Ejoew" {rF+ rCorr SInv}
 18359 | Lair:5   | Reached skill level 17 in Ranged Weapons
 18555 | Lair:5   | Reached skill level 12 in Fighting
 18661 | Lair:5   | Identified the +4 quarterstaff of Garimp {venom, rElec
                  | rF+++ MP+9 Dex-5}
 18690 | Lair:5   | Got the Catalogue of the Swarm and Combustion
 19084 | Orc:1    | Entered Level 1 of the Orcish Mines
 19521 | Orc:2    | Entered Level 2 of the Orcish Mines
 19789 | Orc:2    | Reached XP level 14. HP: 124/126 MP: 17/17
 19810 | Orc:2    | Found a staircase to the Elven Halls.
 20282 | Orc:2    | Reached skill level 11 in Dodging
 20514 | Orc:2    | Found Plog's Jewellery Boutique.
 20514 | Orc:2    | Found Kainer's Armour Shoppe.
 20516 | Orc:2    | Found Usukhlea's General Store.
 20516 | Orc:2    | Found Sikoka's Antique Armour Shoppe.
 20553 | Orc:2    | Bought the necklace of Bloodlust {Fury *Rage Will++ Int-3
                  | Slay+6} for 679 gold pieces
 20553 | Orc:2    | Found the necklace of Bloodlust {Fury *Rage Will++ Int-3
                  | Slay+6}
 21049 | D:12     | Noticed Nessos
 21051 | D:12     | Killed Nessos
 21211 | D:12     | Noticed Erolcha
 21217 | D:12     | Killed Erolcha
 21347 | D:13     | Reached skill level 18 in Ranged Weapons
 22156 | D:13     | Reached skill level 13 in Fighting
 22257 | D:14     | Found a gate to the Vaults.
 22258 | D:14     | Noticed Louise
 22263 | D:14     | Killed Louise
 22312 | D:14     | Found Ocok Tif's Armour Emporium.
 22332 | D:14     | Reached skill level 12 in Dodging
 22933 | D:10     | Killed xight's ghost
 22937 | D:10     | Identified the +6 rapier of the Big Fish {venom, rPois
                  | rN+++ MP-9}
 23366 | D:15     | Entered Level 15 of the Dungeon
 23423 | D:15     | Found a staircase to the Depths.
 23423 | D:15     | Noticed a fire giant
 23427 | D:15     | Killed a fire giant
 24072 | Snake:1  | Entered Level 1 of the Snake Pit
 24072 | Snake:1  | Noticed Rupert
 24081 | Snake:1  | Killed Rupert
 24085 | Snake:1  | Reached XP level 15. HP: 133/137 MP: 18/18
 24107 | Lair:2   | Reached skill level 14 in Fighting
 24312 | Snake:1  | Reached skill level 13 in Dodging
 24730 | Snake:1  | Found Hikobur's Book Shoppe.
 24732 | Snake:1  | Found Xuit's Jewellery Shop.
 24732 | Snake:1  | Found Rabobis's Jewellery Shop.
 25554 | Snake:2  | Noticed Aizul
 25559 | Snake:2  | Killed Aizul
 25624 | Snake:2  | Identified Roxanne's Teachings on the Volcano
 25624 | Snake:2  | Noticed Roxanne
 25638 | Snake:2  | Killed Roxanne
 25843 | Snake:2  | Found a runed translucent gate.
 25844 | Snake:2  | Found a runed translucent gate.
 25845 | Snake:2  | Found a runed translucent gate.
 25846 | Snake:2  | Noticed Zoimialu's ghost (adept OpHW)
 25866 | Snake:2  | Reached skill level 15 in Fighting
 25866 | Snake:2  | Reached skill level 14 in Dodging
 26099 | Snake:2  | Noticed a nagaraja
 26109 | Snake:2  | Killed a nagaraja
 26264 | Snake:2  | Killed Zoimialu's ghost
 26518 | Snake:3  | Noticed Donald
 26525 | Snake:3  | Killed Donald
 26661 | Snake:3  | Noticed Bai Suzhen
 26691 | Snake:3  | Killed Bai Suzhen
 26691 | Snake:3  | Identified +3 storm dragon scales {Bai Suzhen}
 27492 | Snake:4  | Entered Level 4 of the Snake Pit
 27517 | Snake:4  | Noticed a nagaraja
 27575 | Snake:4  | Killed a nagaraja
 27576 | Snake:4  | Reached XP level 16. HP: 99/151 MP: 19/19
 27580 | Snake:4  | Reached skill level 15 in Dodging
 27940 | Snake:3  | Reached skill level 16 in Fighting
 28275 | Snake:4  | Found Wousef's Jewellery Shop.
 28275 | Snake:4  | Found Qeud's Assorted Antiques.
 28311 | Snake:4  | Found Vimuonas's Weapon Shoppe.
 29182 | Snake:4  | Noticed Vashnia
 29538 | Snake:4  | Killed Vashnia
 29820 | Snake:4  | Got a serpentine rune of Zot
 30016 | Shoals:1 | Entered Level 1 of the Shoals
 30101 | Shoals:1 | Reached skill level 16 in Dodging
 30165 | Shoals:1 | Identified the +8 war axe of Abuse {heavy, rC+ Will+ MP+9}
 30366 | Shoals:1 | Reached skill level 17 in Fighting
 31133 | Shoals:2 | Noticed Polyphemus
 31149 | Shoals:2 | Killed Polyphemus
 32034 | Shoals:3 | Found Deogun's General Store.
 32057 | Shoals:3 | Noticed Mara
 32077 | Shoals:3 | Noticed sanka's illusion
 32488 | Shoals:3 | Reached XP level 17. HP: 161/162 MP: 20/20
 32952 | Shoals:3 | Noticed sanka's illusion
 32990 | Shoals:2 | Killed Mara
 32991 | Shoals:2 | Reached skill level 17 in Dodging
 33392 | Shoals:3 | Bought 2 potions of heal wounds for 200 gold pieces
 33392 | Shoals:3 | Bought a potion of heal wounds for 100 gold pieces
 33392 | Shoals:3 | Bought a potion of heal wounds for 100 gold pieces
 33396 | Shoals:4 | Entered Level 4 of the Shoals
 33604 | Shoals:4 | Got a barnacled rune of Zot
 33640 | Shoals:4 | Reached skill level 18 in Fighting
 34299 | Shoals:4 | Identified the +0 plate armour of Moral Flaws {Regen+ Int-3
                  | Dex+4}
 34560 | Vaults:1 | Entered Level 1 of the Vaults
 34976 | Vaults:1 | Reached skill level 18 in Dodging
 35420 | Vaults:1 | Found Loschic's Armour Shop.
 35481 | Vaults:1 | Reached skill level 19 in Fighting
 35609 | Vaults:1 | Found the +6 arbalest "Damnation" {damnation}
 35971 | Vaults:1 | Reached XP level 18. HP: 176/176 MP: 21/21
 36954 | Vaults:2 | Found a staircase to the Crypt.
 37720 | Vaults:2 | Identified the staff of air "Jeyhicw" {rElec Will- Str+3
                  | Int+3 Dex+6}
 38193 | Vaults:3 | Reached skill level 19 in Ranged Weapons
 38848 | Vaults:3 | Reached skill level 20 in Ranged Weapons
 39622 | Vaults:4 | Reached XP level 19. HP: 183/183 MP: 22/22
 39976 | Vaults:4 | Reached skill level 21 in Ranged Weapons
 41375 | Snake:4  | Bought a scroll of enchant armour for 232 gold pieces
 41467 | Snake:1  | Bought a +6 ring of dexterity for 396 gold pieces
 41666 | Depths:1 | Entered Level 1 of the Depths
 41669 | Depths:1 | Paralysed by a floating eye for 3 turns
 41671 | Depths:1 | Killed from afar by a frost giant

Vanquished Creatures
  Mara (Shoals:2)
  Bai Suzhen (Snake:3)
  Vashnia (Snake:4)
  Rupert (Snake:1)
  Polyphemus (Shoals:2)
  2 sphinxes
  A kraken (Shoals:3)
  Gastronok (Lair:2)
  Donald (Snake:3)
  Roxanne (Snake:2)
  4 nagarajas
  A fire giant (D:15)
  A revenant (Vaults:2)
  The ghost of Zoimialu the Destroyer, an adept OpHW of Vehumet (Snake:2)
  Louise (D:14)
  13 vault wardens
  A frost giant (Vaults:1)
  Aizul (Snake:2)
  17 ironbound preservers
  3 war gargoyles
  A stone giant (Vaults:1)
  4 very ugly things
  A ghoul (Vaults:2)
  8 ironbound thunderhulks
  Nessos (D:12)
  8 dire elephants
  A minotaur (Gauntlet)
  A minotaur (shapeshifter) (Vaults:1)
  4 merfolk javelineers
  3 merfolk impalers (Shoals:4)
  3 entropy weavers
  Fannar (Lair:2)
  10 yaktaur captains
  9 vault guards
  Erolcha (D:12)
  5 great orbs of eyes
  3 salamander tyrants (Snake:4)
  9 anacondas
  2 peacekeepers
  2 merfolk avatars (Shoals:4)
  3 hydras
  8 catoblepae
  Erica (D:10)
  6 merfolk aquamancers
  6 ironbound frosthearts
  A centaur warrior (D:15)
  An ogre mage (Vaults:4)
  3 satyrs
  2 alligator snapping turtles
  3 dancing weapons
  10 boulder beetles
  4 two-headed ogres
  12 naga warriors
  8 death yaks
  3 orc high priests (Orc:2)
  12 naga sharpshooters
  9 shock serpents
  2 tengu warriors (D:13)
  2 fire crabs (Shoals:1)
  2 skysharks
  The ghost of xight the Thaumaturge, a novice DEFE of Vehumet (D:10)
  Nergalle (Lair:2)
  4 salamander mystics
  A skeletal warrior (Vaults:2)
  12 sea snakes
  41 deep trolls
  A spectral anaconda (Snake:2)
  An orange crystal statue (D:9)
  A phantasmal warrior (Vaults:2)
  11 lindwurms
  5 naga ritualists
  6 orc knights
  19 ironbound convokers
  11 wizards
  2 deep elf pyromancers
  A necromancer (Vaults:4)
  5 orc sorcerers
  Pikel (D:8)
  24 harpies
  A human zombie (Vaults:4)
  7 mana vipers
  5 oklob plants (Lair:4)
  9 fauns
  16 manticores
  31 ugly things
  7 salamanders
  4 cyclopes
  12 elephants
  A spectral shock serpent (Snake:2)
  2 guardian serpents
  10 merfolk sirens
  15 vault sentinels
  25 black mambas
  A molten gargoyle (Gauntlet)
  14 cane toads
  17 naga magi
  2 gargoyles
  39 yaktaurs
  2 rime drakes
  6 komodo dragons
  An efreet (D:13)
  29 merfolk
  2 hornets
  A meliai (shapeshifter) (D:14)
  A polar bear (Lair:1)
  5 wind drakes
  6 trolls
  3 meliai (D:14)
  A queen bee (Lair:2)
  2 jumping spiders (Vaults:2)
  8 blink frogs
  A spectral black mamba (Snake:2)
  8 snapping turtles
  An ettin zombie (Vaults:4)
  A centaur simulacrum (D:14)
  Sigmund (D:5)
  4 shadows
  A shock serpent simulacrum (Snake:2)
  A wraith (D:12)
  8 water elementals
  30 slime creatures
  4 wyverns
  Eustachio (D:5)
  4 basilisks
  59 yaks
  A human (shapeshifter) (D:13)
  2 large abominations (Gauntlet)
  2 fire bats (Shoals:1)
  3 spectral nagas (Snake:2)
  6 vampire mosquitoes
  An elf skeleton (Vaults:4)
  4 redbacks
  Menkaure (D:5)
  2 wargs (Orc:2)
  Edmund (D:5)
  A two-headed ogre zombie (D:9)
  58 nagas
  12 water moccasins
  4 small abominations (Gauntlet)
  2 ice beasts (D:8)
  22 orc warriors
  6 ogres
  5 boggarts
  4 wolves (Lair:4)
  A lemure (D:8)
  11 centaurs
  4 bullfrogs
  A scorpion (D:4)
  15 wights
  2 naga simulacra (Snake:2)
  2 troll zombies (D:9)
  30 killer bees
  An electric eel (Lair:1)
  3 howler monkeys
  2 gnoll boudas
  16 orc priests
  Crazy Yiuf (D:2)
  2 hounds
  An iguana (D:6)
  Ijyb (D:5)
  A sleepcap (D:6)
  22 orc wizards
  Natasha (thrice) (D:2)
  17 hell rats
  5 ogre zombies (D:9)
  8 gnolls
  5 adders
  A shadow imp (D:7)
  An ufetubus (D:7)
  2 dart slugs
  78 orcs
  11 endoplasms
  2 giant cockroaches (D:2)
  5 goblins
  8 hobgoblins
  2 jackals (D:5)
  5 kobolds
  2 quokkas
  4 ball pythons
  4 bats (D:1)
  3 frilled lizards
  A goblin skeleton (D:9)
  3 goblin zombies (D:9)
  3 hobgoblin skeletons (D:9)
  3 hobgoblin zombies (D:9)
  An orc skeleton (D:9)
  14 orc zombies (D:9)
  A rat (D:1)
  A tentacle (Shoals:3)
1232 creatures vanquished.

Vanquished Creatures (others)
  A black mamba (Snake:4)
  An orc priest (Orc:2)
  An orc wizard (Orc:2)
  A demonic plant (Gauntlet)
  12 fungi
  96 plants
  4 tentacles (Shoals:3)
116 creatures vanquished.

Grand Total: 1348 creatures vanquished
